Map: Pendiente de Agustín EE

Players

Beito

  • Race: Terran Terran
  • League: Gold
  • Spawn Location: 6:00

uchiha

  • Race: Protoss Protoss
  • League: Silver
  • Spawn Location: 5:00

KaZ

  • Race: Zerg Zerg
  • League: Platinum
  • Spawn Location: 6:00

TATORREA

  • Race: Protoss Protoss
  • League: Gold
  • Spawn Location: 12:00

MrFercho

  • Race: Zerg Zerg
  • League: Gold
  • Spawn Location: 12:00

tigro

  • Race: Terran Terran
  • League: Bronze
  • Spawn Location: 11:00

VOD

Have the link to the VOD?

Description

Time

  • Played on: Aug. 19, 2020, 10:10 p.m.
  • Length: 13:07
Show
View Real Time Build Order
Export as new Build Order

Beito Terran 

Build Orders: Mech 

Get SALT Encoding   

  12  0:01  SCV  
  13  0:13  SCV  
  14  0:25  SCV  
  14  0:27  Supply Depot  
  15  0:39  Refinery  
  15  0:48  SCV  
  16  0:54  Barracks  
  16  1:01  SCV  
  17  1:13  SCV  
  17  1:14  Supply Depot  
  18  1:25  SCV  
  19  1:27  Engineering Bay  
  19  1:37  SCV  
  20  1:41  Barracks Tech Lab  
  20  1:49  SCV  
  21  1:57  Refinery  
  21  2:08  Command Center  
  21  2:19  Marine  
  21  2:20  Factory  
  22  2:37  Marine  
  23  2:45  Concussive Shells  
  23  2:55  Marine  
  24  3:06  Orbital Command  
  24  3:13  Marine  
  25  3:23  Factory Tech Lab  
  25  3:26  Orbital Command  
  25  3:31  Combat Shield, Marauder  
  27  3:40  SCV  
  28  3:51  Siege Tank  
  28  3:52  SCV  
  28  3:53  Marauder  
  34  4:06  SCV x2  
  36  4:14  Marauder  
  38  4:18  SCV x2  
  38  4:20  Missile Turret  
  40  4:26  Missile Turret  
  40  4:30  SCV  
  41  4:35  Marauder  
  41  4:36  Missile Turret  
  43  4:44  SCV x2  
  45  4:56  SCV x2, Marine  
  45  4:59  Cyclone  
  51  5:00  Mag-Field Accelerator  
  51  5:08  SCV x2  
  51  5:12  Terran Infantry Weapons Level 1  
  53  5:14  Marine  
  53  5:20  SCV, Supply Depot  
  55  5:31  Siege Tank  
  55  5:32  SCV, Marine  
  55  5:33  SCV  
  61  5:44  SCV  
  61  5:45  SCV  
  59  5:50  Marine  
  54  6:03  Cyclone  
  57  6:08  Marine  
  58  6:28  Factory x2  
  59  6:34  Factory  
  58  6:44  Barracks  
  58  6:45  Barracks  
  58  6:50  Barracks  
  58  6:51  Missile Turret  
  58  6:52  Missile Turret  
  58  6:53  SCV, Missile Turret  
  58  6:54  SCV  
  60  6:56  Missile Turret  
  60  7:00  Supply Depot  
  60  7:06  SCV x2  
  60  7:07  Barracks Reactor  
  60  7:08  Factory  
  62  7:11  Terran Infantry Armor Level 1  
  62  7:18  SCV  
  62  7:19  Factory Tech Lab  
  63  7:26  Factory Tech Lab  
  63  7:28  Factory Tech Lab  
  63  7:43  Cyclone  
  66  7:48  Refinery  
  66  7:50  SCV x2, Refinery  
  68  7:59  Barracks Tech Lab  
  68  8:02  SCV x2  
  70  8:44  Armory  
  70  8:48  Armory  
  70  8:51  Supply Depot  
  70  8:56  Command Center  
  70  9:01  Starport  
  70  9:02  Barracks Tech Lab  
  70  9:03  SCV x2, Barracks Reactor  
  70  9:08  Refinery  
  72  9:10  Refinery  
  72  9:15  SCV, Cyclone x3  
  72  9:17  Cyclone  
  85  9:48  Thor  
  91  9:53  Thor  
  97  10:08  Fusion Core  
  86  10:33  SCV x2  
  82  10:37  Marine x5  
  82  10:38  Marine  
  78  10:45  SCV x2  
  80  10:55  Marine x6  
  86  10:57  SCV x2  
  88  11:05  Refinery  
  88  11:07  SCV  
  88  11:09  SCV  
  88  11:10  SCV, Thor x3  
  109  11:13  Marine x6  
  109  11:18  Supply Depot  
  115  11:19  SCV, Medivac  
  115  11:21  SCV  
  115  11:22  SCV  
  120  11:30  Marine  
  120  11:31  SCV, Marine x3  
  125  11:39  Marine x2  
  127  11:40  SCV x2  
  127  11:42  Missile Turret  
  127  11:43  SCV, Missile Turret  
  127  11:44  Missile Turret  
  127  11:45  Missile Turret  
  127  11:46  Missile Turret x2  
  130  11:49  Medivac  
  130  11:52  SCV  
  130  11:53  Refinery  
  133  12:04  Missile Turret  
  133  12:05  Missile Turret  
  133  12:07  Missile Turret  
  133  12:11  SCV x3, Marine x2  
  138  12:23  SCV, Supply Depot  
  138  12:24  Supply Depot  
Show
View Real Time Build Order
Export as new Build Order

uchiha Protoss 

Build Orders: Carriers 

Get SALT Encoding   

  12  0:14  Probe  
  12  0:20  Pylon  
  13  0:26  Probe  
  14  0:39  Probe  
  15  0:49  Forge  
  15  0:51  Probe  
  16  1:03  Probe (Chrono Boost), Gateway  
  17  1:05  Assimilator  
  17  1:15  Probe (Chrono Boost)  
  18  1:20  Probe (Chrono Boost)  
  19  1:31  Photon Cannon  
  19  1:33  Probe  
  20  1:45  Probe  
  21  1:47  Gateway  
  21  1:57  Probe  
  21  2:00  Pylon  
  22  2:10  Probe  
  22  2:15  Cybernetics Core  
  23  2:23  Assimilator  
  23  2:44  Nexus  
  23  2:45  Pylon  
  23  2:56  Probe  
  23  2:58  Stalker x2  
  28  3:13  Stargate  
  28  3:18  Probe  
  29  3:31  Pylon  
  29  3:35  Stalker  
  31  3:43  Probe  
  33  3:55  Probe (Chrono Boost)  
  33  4:00  Probe (Chrono Boost)  
  34  4:07  Void Ray, Probe (Chrono Boost)  
  34  4:08  Assimilator  
  40  4:10  Probe (Chrono Boost)  
  40  4:13  Probe (Chrono Boost)  
  40  4:14  Probe (Chrono Boost)  
  42  4:22  Probe  
  42  4:23  Stargate  
  43  4:25  Probe  
  44  4:34  Probe  
  44  4:37  Probe  
  46  4:46  Probe  
  46  4:49  Probe  
  48  4:58  Probe  
  48  4:59  Assimilator  
  49  5:01  Probe  
  49  5:02  Void Ray  
  49  5:04  Pylon  
  54  5:07  Pylon  
  54  5:15  Void Ray  
  58  5:21  Protoss Shields Level 1  
  58  5:24  Probe x2  
  60  5:36  Probe x2  
  62  5:46  Void Ray, Pylon  
  62  5:48  Probe x2  
  62  5:49  Protoss Air Weapons Level 1  
  68  6:00  Probe  
  69  6:21  Void Ray  
  73  6:29  Fleet Beacon  
  73  6:44  Void Ray  
  77  6:55  Stargate  
  77  7:02  Stargate  
  77  7:08  Nexus  
  77  7:12  Pylon  
  77  7:13  Assimilator  
  77  7:15  Assimilator  
  77  7:17  Probe x2  
  77  7:18  Pylon  
  77  7:21  Pylon  
  79  7:29  Probe x2  
  81  7:37  Photon Cannon  
  81  7:40  Photon Cannon  
  81  7:44  Probe x2, Photon Cannon  
  81  7:51  Void Ray x3  
  83  7:56  Probe x2  
  97  8:08  Probe, Protoss Air Armor Level 1 (Chrono Boost)  
  97  8:09  Probe  
  97  8:11  Void Ray  
  103  8:18  Flux Vanes  
  103  8:21  Probe  
  103  8:22  Probe x2, Photon Cannon  
  103  8:24  Photon Cannon  
  106  8:29  Photon Cannon  
  106  8:51  Carrier  
  112  9:19  Carrier  
  118  9:26  Probe x2  
  118  9:27  Probe  
  121  9:38  Probe  
  121  9:39  Probe x2  
  121  9:45  Cybernetics Core  
  124  9:50  Probe  
  122  10:35  Nexus  
  122  10:38  Assimilator  
  122  10:39  Pylon  
  122  10:42  Pylon, Assimilator  
  122  10:45  Pylon  
  122  10:58  Carrier  
  122  11:00  Carrier x2  
  122  11:03  Carrier  
  146  11:09  Probe x3  
  143  11:50  Robotics Facility  
  143  11:52  Robotics Facility  
  143  11:54  Pylon  
  143  11:56  Pylon  
  139  12:02  Carrier  
  139  12:07  Void Ray  
  147  12:22  Probe x4  
  151  12:34  Probe x3  
Show
View Real Time Build Order
Export as new Build Order

KaZ Zerg 

Build Orders: Hatch First, Lurkers 

Get SALT Encoding   

  12  0:02  Drone  
  13  0:13  Overlord  
  13  0:18  Drone  
  14  0:34  Drone  
  14  0:35  Drone  
  16  0:36  Drone  
  17  0:55  Hatchery  
  16  0:58  Drone  
  17  1:12  Spawning Pool  
  17  1:14  Drone  
  17  1:19  Extractor  
  17  1:20  Drone  
  17  1:23  Drone  
  18  1:29  Drone  
  19  1:45  Overlord  
  19  1:59  Queen  
  19  2:01  Zergling x2  
  22  2:07  Zergling x2  
  23  2:14  Drone x2  
  25  2:17  Drone  
  25  2:19  Queen  
  28  2:29  Drone  
  29  2:30  Drone  
  30  2:45  Drone x3  
  33  2:52  Metabolic Boost  
  33  2:53  Hatchery  
  33  2:56  Drone x2  
  34  3:02  Overlord  
  35  3:12  Drone  
  35  3:13  Drone  
  36  3:23  Roach Warren, Extractor  
  36  3:25  Lair, Spore Crawler  
  33  3:27  Drone  
  33  3:28  Drone  
  33  3:33  Drone x2  
  37  3:40  Overlord  
  37  3:42  Drone x2  
  39  3:52  Drone x5  
  44  4:14  Spore Crawler, Extractor x2  
  44  4:15  Overlord, Drone x2  
  44  4:17  Overlord, Drone x3  
  46  4:24  Glial Reconstitution  
  44  4:49  Roach x7  
  44  4:50  Roach x3  
  64  4:54  Queen  
  66  5:10  Evolution Chamber  
  66  5:11  Drone x2  
  66  5:12  Evolution Chamber, Drone x5  
  71  5:21  Pneumatized Carapace  
  71  5:37  Drone x2  
  73  5:48  Overlord x4  
  73  5:49  Overlord  
  68  6:12  Zerg Missile Weapons Level 1  
  68  6:13  Zerg Ground Armor Level 1  
  68  6:19  Overlord  
  68  6:20  Drone x7  
  68  6:21  Drone x6  
  81  6:30  Overlord  
  81  6:31  Hydralisk Den  
  80  6:36  Nydus Network  
  79  6:42  Nydus Network  
  78  6:55  Roach x9  
  78  6:56  Roach  
  98  7:22  Spore Crawler, Extractor x2  
  95  7:24  Spine Crawler  
  94  7:32  Hydralisk  
  94  7:33  Hydralisk x6  
  94  7:34  Hydralisk x5  
  94  7:35  Hydralisk  
  120  7:45  Lurker Den  
  120  7:50  Drone x5  
  124  8:23  Overlord x4  
  124  8:26  Drone x3  
  124  8:27  Drone x2  
  129  8:43  Infestation Pit  
  129  8:45  Lurker x2  
  129  8:46  Lurker x5  
  129  8:47  Lurker x2  
  129  8:48  Lurker  
  138  9:00  Lurker  
  138  9:02  Lurker  
  140  9:34  Roach x5  
  140  9:35  Roach x5  
  140  9:37  Overlord x5  
  160  9:43  Hive  
  160  9:54  Nydus Canal  
  160  9:59  Nydus Canal  
  162  10:14  Roach x3  
  162  10:15  Roach x5  
  176  10:22  Nydus Canal  
  173  10:59  Nydus Canal  
  173  11:12  Roach x5  
  173  11:13  Roach x6  
  195  11:27  Nydus Canal  
  195  11:45  Nydus Canal  
  189  12:02  Nydus Canal  
  189  12:09  Lurker  
Show
View Real Time Build Order
Export as new Build Order

TATORREA Protoss 

Build Orders:  

Get SALT Encoding   

  12  0:02  Probe  
  13  0:14  Probe  
  14  0:26  Probe, Pylon  
  15  0:44  Probe  
  16  0:50  Gateway  
  16  0:56  Probe  
  17  1:07  Assimilator  
  17  1:09  Probe  
  18  1:21  Probe  
  18  1:23  Gateway  
  19  1:27  Gateway  
  19  1:33  Probe  
  20  1:41  Cybernetics Core  
  20  1:45  Probe  
  21  1:49  Assimilator  
  21  1:52  Pylon  
  21  1:55  Pylon  
  21  1:58  Probe  
  22  2:10  Probe  
  23  2:22  Probe  
  24  2:36  Twilight Council  
  24  2:53  Nexus  
  24  2:54  Pylon  
  24  2:58  Pylon, Warp Gate  
  24  3:03  Adept  
  26  3:14  Resonating Glaives (Chrono Boost)  
  26  3:17  Adept x2  
  30  3:34  Forge  
  30  3:36  Adept  
  32  3:47  Adept  
  34  3:50  Adept  
  36  3:59  Protoss Ground Weapons Level 1 (Chrono Boost)  
  36  4:04  Probe x2  
  38  4:15  Adept  
  38  4:16  Probe x2  
  42  4:22  Adept  
  46  4:33  Probe  
  46  4:34  Probe  
  48  4:45  Probe  
  47  4:46  Probe  
  48  4:57  Probe  
  48  4:58  Probe, Charge  
  50  5:04  Adept x2  
  50  5:05  Adept  
  56  5:09  Probe  
  56  5:10  Probe  
  58  5:21  Probe  
  59  5:22  Probe  
  60  5:33  Probe  
  60  5:34  Probe  
  62  5:46  Protoss Shields Level 1  
  40  6:19  Stalker x3  
  40  6:21  Probe x2  
  48  6:27  Assimilator  
  48  6:29  Assimilator  
  48  6:33  Probe x2  
  48  6:38  Nexus  
  50  6:41  Pylon  
  50  6:44  Pylon  
  50  6:45  Probe x2  
  52  6:51  Gateway  
  52  6:53  Gateway  
  52  6:56  Gateway  
  52  6:57  Probe  
  52  6:58  Pylon, Gateway  
  53  7:04  Pylon  
  53  7:14  Templar Archives, Pylon  
  53  7:16  Pylon  
  53  7:20  Forge  
  53  7:22  Robotics Facility  
  53  7:23  Robotics Facility  
  53  7:26  Pylon  
  53  7:29  Probe  
  55  7:30  Probe, Pylon  
  55  7:41  Probe  
  55  7:42  Probe  
  57  7:48  Gateway x2  
  57  7:51  Probe  
  57  7:53  Probe  
  57  7:54  Probe, High Templar x3  
  57  7:55  High Templar  
  57  7:58  Zealot x2  
  70  7:59  Zealot  
  70  8:03  Probe  
  75  8:05  Probe  
  75  8:06  Probe  
  75  8:11  Protoss Ground Weapons Level 2 (Chrono Boost)  
  75  8:12  Protoss Shields Level 2 (Chrono Boost)  
  77  8:16  Probe  
  77  8:18  Probe x2  
  80  8:28  Probe  
  80  8:30  Probe x2, Blink  
  80  8:31  Psionic Storm  
  83  8:34  Zealot x3  
  83  8:35  Zealot x4  
  83  8:36  Gateway  
  83  8:37  Archon  
  83  8:38  Gateway  
  83  8:39  Archon  
  83  8:40  Gateway  
  97  8:42  Assimilator  
  97  8:43  Assimilator  
  97  9:19  Stalker x3  
  97  9:20  Stalker  
  97  9:22  Zealot x3  
  97  9:23  Zealot x2  
  115  9:36  Nexus  
  115  9:37  Pylon  
  115  9:40  Pylon  
  115  9:42  Gateway  
  115  9:45  Gateway x2  
  115  9:46  Gateway  
  115  9:49  Gateway  
  115  9:51  Zealot  
  115  9:52  Zealot x4  
  123  9:53  Zealot x3, Gateway  
  123  9:54  Zealot, Gateway  
  123  9:55  Gateway  
  123  9:57  High Templar  
  123  9:59  High Templar x2  
  139  10:05  Pylon  
  139  10:09  Pylon  
  139  10:10  Archon  
  139  10:13  Pylon x2  
  139  10:16  High Templar x5  
  139  10:17  High Templar x4  
  139  10:20  Archon  
  139  10:21  Archon x3  
  157  10:43  Observer x2 (Chrono Boost)  
  159  11:14  Stalker x5  
  159  11:15  Stalker x2  
  159  11:16  Stalker x4  
  159  11:17  Stalker x6  
  159  11:18  Stalker  
  193  11:50  Stalker x3  
  199  12:35  Stargate  
  149  12:37  Stargate  
  149  12:42  Stargate  
  107  12:46  Stargate  
  107  12:50  Stargate  
  71  12:53  Stargate  
  71  12:55  Stalker x2  
  71  12:56  Stalker x5  
  71  12:57  Stalker x2  
  71  12:58  Stalker x4  
  79  12:59  Stalker x2  
  79  13:00  Stalker  
Show
View Real Time Build Order
Export as new Build Order

MrFercho Zerg 

Build Orders: Hatch First 

Get SALT Encoding   

  12  0:00  Drone  
  13  0:13  Overlord  
  13  0:19  Drone  
  14  0:35  Drone  
  14  0:36  Drone  
  16  0:50  Hatchery  
  16  0:54  Drone  
  16  0:58  Drone  
  16  1:01  Drone  
  18  1:12  Extractor  
  17  1:18  Spawning Pool  
  17  1:20  Drone  
  17  1:23  Drone  
  18  1:29  Drone  
  19  1:42  Drone  
  20  1:51  Overlord  
  20  2:05  Queen x2  
  20  2:08  Drone x2  
  26  2:15  Zergling x2  
  26  2:16  Zergling x2  
  28  2:23  Drone x2  
  30  2:33  Drone  
  30  2:35  Drone  
  32  2:43  Lair  
  32  2:46  Queen  
  32  2:47  Drone x2  
  36  2:56  Overlord x2  
  36  3:07  Roach Warren  
  36  3:10  Evolution Chamber  
  34  3:16  Drone x3  
  34  3:17  Drone x2  
  39  3:28  Burrow  
  39  3:33  Drone x3  
  39  3:34  Drone  
  43  3:37  Extractor  
  43  3:38  Zerg Missile Weapons Level 1, Extractor  
  41  3:42  Drone x2  
  43  4:02  Drone x2  
  45  4:03  Drone  
  45  4:04  Drone x3  
  45  4:05  Overlord x2  
  45  4:06  Overlord  
  49  4:10  Glial Reconstitution  
  49  4:40  Zergling x2  
  49  4:41  Roach x8  
  49  4:43  Overlord  
  66  4:56  Overlord x2  
  66  5:02  Drone x2  
  66  5:03  Drone  
  66  5:06  Spore Crawler  
  68  5:09  Spore Crawler, Drone x2  
  69  5:14  Overseer  
  69  5:17  Roach  
  71  5:45  Roach  
  71  5:46  Roach x8  
  71  5:48  Overlord  
  89  5:55  Overseer, Extractor  
  89  5:56  Hatchery  
  87  5:59  Tunneling Claws  
  87  6:00  Zerg Missile Weapons Level 2  
  87  6:04  Hatchery  
  86  6:13  Queen  
  86  6:16  Queen  
  86  6:18  Drone x3  
  91  6:20  Roach  
  91  6:21  Roach x2  
  91  6:22  Overlord x2  
  99  6:25  Overlord  
  99  6:51  Drone  
  99  6:53  Hydralisk Den  
  99  6:57  Infestation Pit  
  99  6:59  Spire  
  97  7:07  Roach  
  97  7:08  Roach x6  
  111  7:13  Drone x4  
  115  7:22  Roach x6  
  127  7:24  Drone x2  
  129  7:38  Hive  
  129  7:46  Overseer  
  129  7:51  Grooved Spines  
  129  7:54  Drone x7  
  136  8:09  Overlord x4  
  136  9:09  Roach  
  138  9:10  Overlord  
  138  9:11  Overlord x4  
  138  9:12  Overlord  
  138  9:26  Overlord x3  
  140  9:31  Roach x7  
  140  9:32  Roach x8  
  168  9:54  Roach x34  
  160  10:27  Overseer  
  103  10:36  Roach  
  103  10:37  Roach x13  
  85  10:56  Drone x6  
  91  11:05  Hydralisk  
  91  11:06  Hydralisk x4  
  101  11:46  Roach x3  
  101  11:47  Roach x6  
  101  11:48  Roach x8  
  101  11:49  Roach x4, Hydralisk  
  101  11:50  Roach, Hydralisk x5  
  113  11:56  Greater Spire  
  113  12:03  Hatchery  
  102  12:18  Roach x16  
  100  12:28  Hydralisk  
  100  12:29  Hydralisk x5  
  112  12:35  Roach x11  
Show
View Real Time Build Order
Export as new Build Order

tigro Terran 

Build Orders:  

Get SALT Encoding   

  12  0:13  SCV  
  13  0:15  Supply Depot  
  13  0:25  SCV  
  14  0:37  SCV  
  15  0:43  Barracks  
  15  0:49  SCV, Refinery  
  16  1:02  SCV  
  17  1:07  Supply Depot  
  17  1:14  SCV  
  18  1:26  SCV  
  18  1:31  Marine  
  20  1:38  SCV  
  21  1:43  Refinery  
  21  1:48  Marine  
  22  2:01  Factory  
  22  2:06  Marine  
  23  2:19  Supply Depot  
  23  2:23  SCV  
  23  2:24  Marine  
  25  2:35  SCV  
  26  2:42  Marine  
  27  2:47  SCV, Engineering Bay, Factory Tech Lab  
  28  2:59  SCV  
  28  3:01  Barracks Tech Lab  
  29  3:17  Command Center  
  29  3:18  Siege Tank  
  32  3:30  Orbital Command  
  32  3:43  Marine  
  32  3:46  Combat Shield  
  33  3:50  Siege Tank  
  33  3:51  Refinery  
  36  4:24  Marine  
  37  4:42  Marine  
  38  5:00  Marine  
  38  5:02  Planetary Fortress  
  38  5:03  Refinery  
  39  5:07  SCV  
  40  5:14  Stimpack  
  40  5:17  Terran Infantry Weapons Level 1  
  40  5:18  Marine  
  40  5:19  SCV  
  42  5:31  SCV  
  43  5:36  Marine  
  44  5:43  SCV  
  44  5:44  SCV, Starport  
  46  5:53  Marine  
  46  5:56  SCV x2  
  49  6:08  SCV  
  50  6:11  Marine  
  51  6:20  SCV  
  51  6:22  Medivac  
  51  6:24  Missile Turret  
  54  6:29  Marine  
  54  6:32  SCV  
  56  6:42  Armory  
  56  6:44  SCV  
  56  6:45  Missile Turret  
  57  6:53  Starport Tech Lab  
  57  6:54  Marine  
  57  6:59  SCV  
  59  7:06  Missile Turret  
  59  7:11  Terran Infantry Armor Level 1  
  59  7:12  SCV, Marine  
  61  7:24  SCV  
  61  7:28  Medivac  
  64  7:30  Marine  
  64  7:31  Terran Vehicle Weapons Level 1, Fusion Core  
  64  7:35  Missile Turret  
  64  7:36  SCV  
  66  7:48  SCV, Marine  
  68  7:56  Missile Turret  
  68  8:05  Marine  
  69  8:23  Marine  
  70  9:05  Neosteel Armor  
  70  9:10  Marine  
  55  9:25  Terran Vehicle And Ship Armor Level 1  
  55  9:28  Marine  
  54  10:03  Liberator  
  57  10:45  Hi-Sec Auto Tracking  
  57  10:46  Liberator  
  54  11:29  Liberator  
  48  12:11  Liberator  
Tags
 
Add a new tag
Caveats
  • Supply blocks, unpowered buildings, or Contaminate may cause inaccurate times.
  • Supply counts are checked every 10 seconds.